 Dungeon Crawl Stone Soup version 0.19.5 (webtiles) character file.

1638 Drleta the Cudgeler (level 8, -8/48 HPs)
             Began as a Gargoyle Fighter on Apr 6, 2017.
             Was a Follower of Dithmenos.
             Mangled by an orc warrior
             ... wielding a +0 scimitar
             ... created by the fury of Okawaru
              (10 damage)
             ... on level 6 of the Dungeon.
             The game lasted 01:08:44 (8366 turns).

Drleta the Cudgeler (Gargoyle Fighter)              Turns: 8366, Time: 01:08:45

Health: -8/48      AC: 17    Str: 21      XL:     8   Next: 98%
Magic:  8/8        EV:  6    Int:  9      God:    Dithmenos [*.....]
Gold:   329        SH: 10    Dex:  9 (10) Spells: 0 memorised, 7 levels left

rFire  + . .     SeeInvis .     a - +2 flail
rCold  x . .     Gourm    .     w - +0 chain mail
rNeg   + . .     Faith    .     c - +0 shield
rPois  ∞         Spirit   .     f - +0 helmet
rElec  +         Reflect  .     (no cloak)
rCorr  .         Harm     .     o - +0 pair of gloves
MR     .....                    (no boots)
Stlth  ..........               (no amulet)
                                (no ring)
                                k - ring of fire

@: wreathed by umbra
A: negative energy resistance 1, electricity resistance, unbreathing,
petrification resistance, rot immunity, AC +5
a: Renounce Religion


You were on level 6 of the Dungeon.
You worshipped Dithmenos.
Dithmenos was aware of your devotion.
You were hungry.

You visited 2 branches of the dungeon, and saw 7 of its levels.

You collected 329 gold pieces.

Inventory:

Hand Weapons
 a - a +2 flail (weapon)
 e - a +0 mace
 l - a +0 short sword
Missiles
 m - 24 tomahawks (quivered)
 B - 4 silver tomahawks
Armour
 b - a +1 scale mail
 c - a +0 shield (worn)
 f - a +0 helmet (worn)
 o - a +0 pair of gloves (worn)
 u - a +0 helmet
 w - a +0 chain mail (worn)
Magical Staves
 d - an uncursed staff of conjuration
 r - a cursed staff of death {unknown}
Jewellery
 k - a ring of fire (left hand)
 y - an uncursed amulet of rage {unknown}
 A - an uncursed ring of magical power {unknown}
 C - an uncursed ring of poison resistance {unknown}
Wands
 t - a wand of disintegration (10/24)
Scrolls
 n - 5 scrolls of remove curse
 s - 2 scrolls of enchant armour
 x - 2 scrolls of amnesia
Potions
 g - a potion of brilliance
Books
 j - a book of Changes

   Spells                             Type                      Level
   a - Beastly Appendage              Transmutation                1
   b - Sticks to Snakes               Transmutation                2
   c - Spider Form                    Transmutation/Poison         3
   d - Ice Form                       Ice/Transmutation            4
   e - Blade Hands                    Transmutation                5
Comestibles
 i - 2 fruits
 p - 2 chunks of flesh
 z - 3 bread rations
 D - a meat ration


   Skills:
 + Level 4.7 Fighting
 + Level 0.5 Short Blades
 + Level 6.6 Maces & Flails
 + Level 0.3 Throwing
 + Level 5.4 Armour
 + Level 1.3 Dodging
 * Level 5.9 Stealth
 + Level 6.1 Shields


You had 7 spell levels left.
You didn't know any spells.

Dungeon Overview and Level Annotations

Branches:
Dungeon (6/15)             Temple (1/1) D:5

Altars:
Cheibriados
Dithmenos
Gozag
Hepliaklqana
Kikubaaqudgha
Nemelex Xobeh
Okawaru
Qazlal
Ru
Trog
Uskayaw
Yredelemnul
Zin
The Shining One

Shops:
D:4 }   D:5 (   D:6 [


Innate Abilities, Weirdness & Mutations

You are resistant to torment.
Your stone body is resilient. (AC +5)
You are immune to poison.
You resist negative energy. (rN+)
You are resistant to electric shocks. (rElec)
You can survive without breathing.
You are immune to petrification.
You are immune to rotting.


Message History

You feel less confused.
The merfolk impaler hits you from afar with a trident!
* * * LOW HITPOINT WARNING * * *
The orc warrior hits you with a scimitar.
* * * LOW HITPOINT WARNING * * *
The merfolk impaler hits you but does no damage.
You block the orc priest's attack.
Press: ? - help, v - describe, . - travel
Here: a merfolk impaler, wielding a trident and wearing a leather armour (durably summoned)
The floor.
There are monsters nearby!
Press: ? - help, v - describe, . - travel
Here: a merfolk impaler, wielding a trident and wearing a leather armour (durably summoned)
The floor.
Zapping:
t - a wand of disintegration (11/24)
Press: ? - help, Shift-Dir - straight line, f/p - merfolk impaler
Aim: a merfolk impaler, wielding a trident and wearing a leather armour (durably summoned, chance to defeat MR: 48%)
The orc priest struggles to resist.
This wand has 10 charges left.
The orc warrior hits you with a scimitar!
You die...

..... ..# ##..#.##..#
#.#.%.#...#
#.........#
#......#..#
+.._......#
#o........# ##
##oo...##..# ##. #.
#@o#m.##...## #..
#..###mm##.....# #..
#....m.........######
#..............#..###
########......#......
#......#....[.
########.##..####.##
#....#...##..# ##.##
#........# ...#....


You could see a merfolk impaler, a merfolk, an orc warrior, an orc priest and 2
orcs.

Vanquished Creatures
  Pikel (D:5)
  A black bear (D:5)
  A necrophage (D:6)
  A slave (D:5)
  A phantom (D:5)
  Blork the orc (D:5)
  2 scorpions
  A centaur zombie (D:5)
  3 crimson imps
  4 hounds
  2 orc priests
  3 orc wizards
  3 worker ants
  3 gnolls (D:6)
  A howler monkey skeleton (D:6)
  10 adders
  A shadow imp (D:5)
  An ooze (D:3)
  3 worms
  4 dart slugs
  2 leopard geckos
  17 orcs
  10 giant cockroaches
  6 goblins
  6 hobgoblins
  6 jackals (D:1)
  2 quokkas
  2 ball pythons
  15 bats
  11 frilled lizards
  A goblin skeleton (D:6)
  A goblin zombie (D:6)
  6 hobgoblin zombies (D:6)
  A jackal zombie (D:6)
  10 kobolds
  2 kobold skeletons (D:6)
  2 orc skeletons (D:6)
  3 orc zombies (D:6)
  8 rats
  2 bushes (D:1)
  A plant (D:1)
161 creatures vanquished.

Notes
Turn   | Place    | Note
-------+----------+-------------------------------------------
     0 | D:1      | Drleta the Gargoyle Fighter began the quest for the Orb.
     0 | D:1      | Reached XP level 1. HP: 14/14 MP: 1/1
    74 | D:1      | Reached XP level 2. HP: 16/19 MP: 2/2
   579 | D:1      | Reached XP level 3. HP: 23/23 MP: 3/3
  1603 | D:1      | Reached skill level 1 in Stealth
  2244 | D:1      | Reached XP level 4. HP: 20/28 MP: 4/4
  4667 | D:3      | Reached XP level 5. HP: 32/32 MP: 5/5
  4951 | D:3      | Found a snail-covered altar of Cheibriados.
  5268 | D:4      | Reached skill level 1 in Dodging
  5268 | D:4      | Reached XP level 6. HP: 31/38 MP: 6/6
  5687 | D:4      | Found Honuss's Gadget Shop.
  5703 | D:4      | You fall through a shaft!
  5703 | D:5      | Entered Level 5 of the Dungeon
  6048 | D:5      | Reached XP level 7. HP: 40/42 MP: 7/7
  6263 | D:5      | Reached skill level 5 in Shields
  6524 | D:5      | Noticed Pikel
  6540 | D:5      | Killed Pikel
  6540 | D:5      | Reached skill level 5 in Maces & Flails
  6540 | D:5      | Reached skill level 5 in Armour
  6540 | D:5      | Reached skill level 5 in Stealth
  6540 | D:5      | Reached XP level 8. HP: 46/48 MP: 8/8
  6763 | D:5      | Found Fabbotin's Weapon Shoppe.
  6984 | D:5      | Found a snail-covered altar of Cheibriados.
  7023 | D:5      | Noticed Blork the orc
  7039 | D:5      | Killed Blork the orc
  7462 | D:5      | Found a staircase to the Ecumenical Temple.
  7471 | Temple   | Entered the Ecumenical Temple
  7514 | Temple   | Became a worshipper of Warmaster Okawaru
  7597 | Temple   | Fell from the grace of Okawaru
  7597 | Temple   | Became a worshipper of Dithmenos the Shadowed
  7733 | D:6      | Found Goceod's Armour Boutique.
  7986 | D:6      | Found a glowing golden altar of the Shining One.
  8008 | D:6      | Found a stormy altar of Qazlal.
  8272 | D:6      | Reached * piety under Dithmenos
  8289 | D:6      | Found a glowing golden altar of the Shining One.
  8354 | D:6      | Noticed a merfolk impaler
  8354 | D:6      | Noticed a merfolk
  8354 | D:6      | Noticed a merfolk
  8357 | D:6      | Noticed a merfolk
  8365 | D:6      | HP: 2/48 [orc warrior/scimitar[the fury of Okawaru] (6)]
  8366 | D:6      | Mangled by an orc warrior

Skill      XL: |  1  2  3  4  5  6  7  8 |
---------------+-------------------------+-----
Stealth        | 1 2 3 5 |  5.9
Shields        | 4 5 6 |  6.1
Armour         | 4 5 |  5.4
Maces & Flails | 3 4 5 6 |  6.6
Dodging        | 1 |  1.3
Fighting       | 4 |  4.7
Short Blades   | |  0.5
Throwing       | |  0.3

Action                   |  1- 3 |  4- 6 |  7- 9 || total
-------------------------+-------+-------+-------++-------
Melee: Flail             |    31 |   195 |   248 ||   474
       Mace              |   439 |    85 |       ||   524
       Short sword       |       |    18 |       ||    18
Throw: Tomahawk          |       |       |     2 ||     2
Evoke: Wand              |       |     1 |     2 ||     3
  Use: Potion            |     4 |       |     6 ||    10
       Scroll            |     1 |     6 |     6 ||    13
  Eat: Chunk             |     1 |    11 |     4 ||    16
       Bread ration      |     1 |       |       ||     1
       Fruit             |       |     2 |       ||     2
       Royal jelly       |       |       |     1 ||     1
       Pizza             |       |       |     1 ||     1
Armor: Scale mail        |    84 |   141 |       ||   225
       Chain mail        |       |    30 |   160 ||   190
Dodge: Dodged            |    52 |   100 |    64 ||   216
Block: Shield            |   102 |   163 |   137 ||   402
